 Dungeon Crawl Stone Soup version 0.22-a0-322-g60b3cfd (webtiles) character file.

39 Kairos the Covered (level 3, 29/29 HPs)
             Began as a Human Fighter on Apr 3, 2018.
             Got out of the dungeon alive.
             The game lasted 00:02:58 (1058 turns).

Kairos the Covered (Human Fighter)                  Turns: 1058, Time: 00:03:00

Health: 29/29      AC:  6    Str: 16    XL:     3   Next: 70%
Magic:  3/3        EV:  7    Int:  8    God:
Gold:   41         SH: 12    Dex: 13    Spells: 2/2 levels left

rFire    . . .     SeeInvis .   a - +0 war axe
rCold    . . .     Gourm    .   c - +3 shield
rNeg     . . .     Faith    .   b - +0 scale mail
rPois    .         Spirit   .   (no helmet)
rElec    .         Reflect  .   (no cloak)
rCorr    .         Harm     .   (no gloves)
MR       .....                  (no boots)
Stlth    ..........             (no amulet)
HPRegen  0.09/turn              (no ring)
MPRegen  0.08/turn              (no ring)

@: no status effects
A: no striking features
a: no special abilities


You escaped.
You were hungry.

You visited 1 branch of the dungeon, and saw 2 of its levels.

You collected 41 gold pieces.

Inventory:

Hand Weapons
 a - a +0 war axe (weapon)
Armour
 b - a +0 scale mail (worn)
 c - a +3 shield (worn)
Scrolls
 e - a scroll of amnesia
 g - a scroll of fear {unknown}
 j - 4 scrolls of remove curse
Potions
 d - a potion of might
 h - 2 potions of curing {unknown}
 i - a potion of mutation {unknown}
 k - a potion of lignification {unknown}
 l - 2 potions of haste {unknown}
 m - 2 potions of cancellation {unknown}
Comestibles
 f - 2 rations


   Skills:
 + Level 3.3 Fighting
 + Level 2.4 Axes
 + Level 3.5 Armour
 + Level 0.2 Dodging
 + Level 3.3 Shields


You had 2 spell levels left.
You didn't know any spells.

Dungeon Overview and Level Annotations

Branches:
Dungeon (2/15)

Altars:


Message History

You hit the kobold but do no damage. You block the kobold's attack.
Your shield prevents you from hitting the kobold.
The kobold barely misses you.
A kobold is nearby!
You barely miss the kobold. You block the kobold's attack.
The kobold hits you but does no damage.
A kobold is nearby!
You closely miss the kobold. You block the kobold's attack.
You slash the kobold!
You kill the kobold!
Things that are here:
2 stones; a kobold corpse No target in view!
There is a stone staircase leading up here.
You climb upwards.
There is a stone staircase leading down here.
There is a staircase leading out of the dungeon here.
You can't go down here!
Are you sure you want to leave the Dungeon?
This will make you lose the game!
You have escaped!

#........#.#.#.#.....#.###.##
#####........#.#.#.#..##.#.......
.............'...................
#####........#####.....#.#####.#.
########..##..##...#.# #.#. ###
#..##..##...#.# #... ..#
###..##..##...# #### #.#
###..##..##.### #.##
##..##@.##...# #..#
#...##..##...# ##.##
#.##..##..##.#### #..#
####.##..##..##....#
##.####......##..##...##.#
###...........##..##)...#.#
...#..##................#.#######
##.#..##................#.##.....
#.##.####'#.#########.##.##.....


There were no monsters in sight!

Vanquished Creatures
  2 dart slugs
  5 bats
  4 goblins
  5 hobgoblins
  6 kobolds
  A quokka (D:2)
  A ball python (D:1)
  4 frilled lizards
  6 rats
34 creatures vanquished.

Notes
Turn   | Place    | Note
-------+----------+-------------------------------------------
     0 | D:1      | Kairos the Human Fighter began the quest for the Orb.
     0 | D:1      | Reached XP level 1. HP: 18/18 MP: 1/1
   130 | D:1      | Reached XP level 2. HP: 20/24 MP: 2/2
   549 | D:1      | Reached XP level 3. HP: 29/29 MP: 3/3
  1058 | D:$      | Got out of the dungeon alive.

Vault maps used:
D:1:      lightli_iron_boxes
D:2:      wad_lake_hut, minmay_vboxes

Action                   || total
-------------------------++-------
Melee: War axe           ||   104
  Use: Scroll            ||     5
Armor: Scale mail        ||    50
Dodge: Dodged            ||    30
Block: Shield            ||    73

Table legend:
 A = Spawn XP
 B = Non-spawn XP
 C = Spawn XP percentage of total XP
 D = Spawn monster count
 E = Non-spawn monster count
 F = Spawn count percentage of total count
 G = Total turns spent on level
                    A         B        C        D         E        F      G
               +---------+---------+-------+---------+---------+-------+---------
         Total |       0 |      57 |   0.0 |       0 |      34 |   0.0 |  1058
               +---------+---------+-------+---------+---------+-------+---------
           D:1 |       0 |      29 |   0.0 |       0 |      17 |   0.0 |   641
           D:2 |       0 |      28 |   0.0 |       0 |      17 |   0.0 |   417
               +---------+---------+-------+---------+---------+-------+---------
